 Dungeon Crawl Stone Soup version 0.28.0-43-g3370ac3207 (webtiles) character file.

Game seed: 5002943161624907084

114 zeratav the Sneak (level 4, -6/21 HPs)
             Began as a Spriggan Enchanter on Mar 31, 2022.
             Killed by divine providence
             ... invoked by an orc priest
              (9 damage)
             ... on level 3 of the Dungeon.
             The game lasted 00:11:21 (3636 turns).

zeratav the Sneak (Spriggan Enchanter)              Turns: 3636, Time: 00:11:24

Health: -6/21      AC:  3    Str:  4    XL:     4   Next: 67%
Magic:  0/9        EV: 16    Int: 18    God:
Gold:   125        SH:  7    Dex: 15    Spells: 7/9 levels left

rFire   . . .      SeeInvis +   a - +1 dagger
rCold   . . .      Faith    .   g - +2 buckler
rNeg    . . .      Spirit   +   b - +0 robe
rPois   .          Reflect  .   (helmet restricted)
rElec   .          Harm     .   e - +0 cloak
rCorr   .          Rampage  .   (gloves unavailable)
Will    .....                   (boots unavailable)
Stlth   +++.......              i - amulet of guardian spirit
HPRegen 0.07/turn               (no ring)
MPRegen 0.11/turn               (no ring)

@: very quick
A: very small, no large weapons, unfitting armour, see invisible, speed 3
a: no special abilities


You were on level 3 of the Dungeon.
You visited 1 branch of the dungeon, and saw 3 of its levels.

You collected 125 gold pieces.

Inventory:

Hand Weapons
 a - a +1 dagger (weapon)
Missiles
 d - 43 stones (quivered)
Armour
 b - a +0 robe (worn)
 e - a +0 cloak (worn)
 g - a +2 buckler (worn)
Jewellery
 i - an amulet of guardian spirit (around neck)
Wands
 k - a wand of flame (11)
Scrolls
 f - a scroll of amnesia
 h - 2 scrolls of teleportation {unknown}
Potions
 c - a potion of invisibility
 j - a potion of heal wounds {unknown}


   Skills:
 + Level 0.3 Fighting
 + Level 2.0 Short Blades
 + Level 2.9 Dodging
 + Level 6.4 Stealth
 + Level 3.0 Spellcasting
 + Level 4.1 Hexes
 * Level 1.2 Ice Magic


You had 7 spell levels left.
You knew the following spells:

 Your Spells              Type           Power      Damage    Failure   Level
a - Ensorcelled Hibernat  Hex/Ice        24%        N/A       19%         2

Your spell library contained the following spells:

 Spells                   Type           Power      Damage    Failure   Level
 Confusing Touch          Hex            17%        N/A       21%         3
 Tukima's Dance           Hex            17%        N/A       21%         3
 Dazzling Flash           Conj/Hex       20%        N/A       43%         3
 Gell's Gravitas          Tloc           2%         N/A       71%         3
 Lesser Beckoning         Tloc           2%         N/A       71%         3
 Teleport Other           Tloc           2%         N/A       71%         3


Dungeon Overview and Level Annotations

Branches:
Dungeon (3/15)

Altars:


Innate Abilities, Weirdness & Mutations

You are very small and have problems with some larger weapons.
You are too small for most types of armour.
You have supernaturally acute eyesight. (SInv)
You cover ground extremely quickly. (Speed+++)


Message History

You kill the orc!
You barely miss the kobold. The kobold hits you with a +0 dagger.
You hit the kobold.
The kobold is moderately wounded.
The kobold closely misses you.
Aiming: Throw Flame
Press: ? - help, Shift-Dir - straight line, f/p - kobold
Aim: a kobold, wielding a +0 dagger (moderately wounded, 60% to hit)
The puff of flame hits the kobold.
You kill the kobold!
The bat misses you.
Aiming: Throw Flame
Press: ? - help, Shift-Dir - straight line, f - bat
Aim: a bat (52% to hit)
The puff of flame hits the bat.
You kill the bat!
Aiming: Throw Flame
Press: ? - help, Shift-Dir - straight line, f - orc priest
Aim: an orc priest, wielding a +0 war axe (68% to hit)
The puff of flame hits the orc priest!
The orc priest is severely wounded.
The orc priest mumbles some strange prayers to Beogh against you.
Pain shoots through your body!
You barely miss the orc priest.
The orc priest is severely wounded.
The orc priest hits you with a +0 war axe!
* * * LOW HITPOINT WARNING * * *
Aiming: Throw Flame
Press: ? - help, Shift-Dir - straight line, f/p - orc priest
Aim: an orc priest, wielding a +0 war axe (severely wounded, 68% to hit)
The puff of flame misses the orc priest.
The orc priest closely misses you.
Aiming: Throw Flame
Press: ? - help, Shift-Dir - straight line, f/p - orc priest
Aim: an orc priest, wielding a +0 war axe (severely wounded, 68% to hit)
The puff of flame hits the orc priest.
The orc priest is almost dead.
The orc priest invokes the aid of Beogh against you.
Beogh smites you!
You die...

..( ... ..?.≈ o.. #..≈≈≈
#b# ..≈≈≈≈ #K# #.≈≈≈≈≈
#.# .(≈≈≈≈.
#######.#####.≈≈≈≈P.
#####.......).)o..≈≈≈≈PP
#...†.).########@.≈≈≈≈..
#.".....# #.(.≈≈≈≈P
#....<..# #...≈≈≈≈≈
#.......# ##...≈≈≈≈
#.......# ....≈≈≈
#.......# #.....≈
#.......# #.....
######### ##... ###


You could see an orc priest.

Vanquished Creatures
  An iguana (D:2)
  2 adders (D:2)
  2 worms
  3 dart slugs
  3 orcs (D:3)
  2 ball pythons (D:1)
  6 endoplasms
  3 giant cockroaches
  6 goblins
  3 hobgoblins
  7 jackals
  3 quokkas
  3 bats
  A frilled lizard (D:2)
  4 kobolds
  2 rats (D:1)
51 creatures vanquished.

Notes
Turn   | Place    | Note
-------+----------+-------------------------------------------
     0 | D:1      | zeratav the Spriggan Enchanter began the quest for the Orb.
     0 | D:1      | Reached XP level 1. HP: 9/9 MP: 5/5
   289 | D:1      | Found a faded altar of an unknown god.
   994 | D:1      | Reached XP level 2. HP: 9/13 MP: 6/6
  1032 | D:1      | Learned a level 2 spell: Ensorcelled Hibernation
  1793 | D:1      | Reached skill level 5 in Stealth
  2465 | D:2      | Reached skill level 1 in Ice Magic
  2465 | D:2      | Reached XP level 3. HP: 16/16 MP: 4/8
  2712 | D:2      | Identified the +1 hand axe of Famine {vorpal, rElec rCorr}
  2770 | D:2      | Reached XP level 4. HP: 21/21 MP: 9/9
  3182 | D:2      | Reached skill level 6 in Stealth
  3636 | D:3      | Killed from afar by an orc priest

Illustrated notes

Levels and vault maps discovered:
D:1:      heliophobic_arrival_battle_scene, layout_basic,
          ebering_ecumenical_altar_box
D:2:      layout_basic
D:3:      layout_basic, fedhas_ov_isle_minmay

Skill      XL: |  1  2  3  4 |
---------------+-------------+-----
Stealth        | 5 6 |  6.4
Spellcasting   | 3 |  3.0
Hexes          | 4 |  4.1
Ice Magic      | 1 |  1.2
Short Blades   | 2 |  2.0
Fighting       | |  0.3
Dodging        | |  2.9

Action                   |  1- 3 |  4- 6 || total
-------------------------+-------+-------++-------
Melee: Dagger            |   128 |    35 ||   163
       Punch             |     2 |       ||     2
 Cast: Ensorcelled Hiber |    19 |    16 ||    35
Evoke: Wand              |       |     7 ||     7
  Use: Scroll            |     2 |       ||     2
 Stab: Sleeping          |    16 |    15 ||    31
       Distracted        |     1 |     1 ||     2
Armor: Robe              |    18 |     1 ||    19
Dodge: Dodged            |    92 |    14 ||   106
Block: Buckler           |       |     7 ||     7
